 Dungeon Crawl Stone Soup version 0.25-a0-317-g5f8687bca5 (webtiles) character file.

Game seed: 2961391134945913293, levelgen mode: classic

222 Borgoz the Twirler (level 5, 0/32 HPs)
             Began as a Gargoyle Gladiator on Dec 25, 2019.
             Slain by Grinder (6 damage)
             ... on level 3 of the Dungeon.
             The game lasted 00:04:08 (3182 turns).

Borgoz the Twirler (Gargoyle Gladiator)             Turns: 3182, Time: 00:04:09

Health: 0/32       AC: 10    Str: 14 (16) XL:     5   Next: 99%
Magic:  5/5        EV: 12    Int:  5 (6)  God:
Gold:   84         SH:  0    Dex: 10 (12) Spells: 4/4 levels left

rFire    . . .     SeeInvis .   a - +0 quarterstaff
rCold    . . .     Gourm    .   (shield currently unavailable)
rNeg     + . .     Faith    .   b - +0 leather armour
rPois    ∞         Spirit   .   c - +0 helmet
rElec    +         Reflect  .   (no cloak)
rCorr    .         Harm     .   (no gloves)
MR       .....                  q - +0 pair of boots
Stlth    +.........             (no amulet)
HPRegen  0.10/turn              (no ring)
MPRegen  0.09/turn              (no ring)

@: no status effects
A: rugged brown scales 1, dopey 1, negative energy resistance 1, electricity
resistance, weak 1, unbreathing, evolution 1, petrification resistance, rot
immunity, AC +4
a: no special abilities


You were on level 3 of the Dungeon.
You were not hungry.

You visited 1 branch of the dungeon, and saw 3 of its levels.

You collected 84 gold pieces.

Inventory:

Hand Weapons
 a - a +0 quarterstaff (weapon)
Missiles
 d - 3 throwing nets (quivered)
Armour
 b - a +0 leather armour (worn)
 c - a +0 helmet (worn)
 q - a +0 pair of boots (worn)
Scrolls
 g - a scroll of fog {unknown}
 h - a scroll of noise {unknown}
 i - 3 scrolls of teleportation {unknown}
 j - 2 scrolls of amnesia {unknown}
 k - 3 scrolls of remove curse {unknown}
 o - 4 scrolls of identify {unknown}
 p - a scroll of magic mapping {unknown}
Potions
 n - a potion of degeneration
Comestibles
 f - 3 rations


   Skills:
 + Level 3.2 Fighting
 * Level 4.4 Staves
 - Level 1.7 Throwing
 * Level 3.4 Armour
 + Level 3.0 Dodging


You had 4 spell levels left.
You didn't know any spells.
Your spell library was empty.

Dungeon Overview and Level Annotations

Branches:
Dungeon (3/15)

Altars:

Annotations:
D:3 Grinder


Innate Abilities, Weirdness & Mutations

You are resistant to torment.
Your stone body is resilient. (AC +4)
You are immune to poison.
You resist negative energy. (rN+)
You are resistant to electric shocks. (rElec)
You can survive without breathing.
You are immune to petrification.
You are immune to rotting.
You are partially covered in rugged brown scales. (AC +1, +3% HP)
You are dopey. (Int -2)
You are weak. (Str -2)
You evolve.


Message History

You barely miss Grinder.
Grinder is lightly wounded.
Grinder barely misses you. The gnoll hits you but does no damage.
You barely miss Grinder.
Grinder is lightly wounded.
Grinder hits you.
You writhe in agony.
The gnoll barely misses you.
You are too injured to fight recklessly!
You are too injured to fight recklessly!
You are too injured to fight recklessly!
You are too injured to fight recklessly!
You are too injured to fight recklessly!
You are too injured to fight recklessly!
You barely miss Grinder.
Grinder is lightly wounded.
The gnoll hits you. Grinder hits you.
* * * LOW HITPOINT WARNING * * *
You hit the gnoll.
The gnoll is heavily wounded.
The gnoll hits you but does no damage. Grinder hits you.
You die...

###### ####
####....######## .##...#
##....##.........
.......####..##############
........##..##
........##.## ........#5@#
.........g## ##
.##...##..################.
### #)...g.g.5..........
#)#######..########.
###............. #.
#.............### #.
#.##).....[...# ....
#.##........... ##.!


You could see Grinder and a gnoll.

Vanquished Creatures
  7 adders
  6 gnolls
  2 oozes
  A worm (D:2)
  A dart slug (D:3)
  2 leopard geckos (D:1)
  6 orcs
  2 giant cockroaches
  5 goblins
  11 hobgoblins
  4 jackals (D:2)
  3 quokkas
  13 bats
  5 frilled lizards
  A jackal skeleton (D:3)
  5 kobolds
  11 rats
85 creatures vanquished.

Notes
Turn   | Place    | Note
-------+----------+-------------------------------------------
     0 | D:1      | Borgoz the Gargoyle Gladiator began the quest for the Orb.
     0 | D:1      | Reached XP level 1. HP: 12/12 MP: 1/1
   102 | D:1      | Reached skill level 1 in Armour
   102 | D:1      | Reached XP level 2. HP: 17/17 MP: 2/2
   457 | D:1      | Reached XP level 3. HP: 22/22 MP: 3/3
  1114 | D:2      | Reached XP level 4. HP: 19/27 MP: 4/4
  1529 | D:2      | Reached XP level 5. HP: 26/32 MP: 5/5
  1601 | D:2      | Reached skill level 4 in Staves
  2366 | D:3      | Noticed Grinder
  2382 | D:3      | Paralysed by Grinder for 5 turns
  2865 | D:3      | Gained mutation: You are weak. (Str -2) [potion of
                  | mutation]
  2865 | D:3      | Gained mutation: You are partially covered in rugged brown
                  | scales. (AC +1, +3% HP) [potion of mutation]
  2865 | D:3      | Gained mutation: You are dopey. (Int -2) [potion of
                  | mutation]
  2865 | D:3      | Gained mutation: You evolve. [potion of mutation]
  2872 | D:3      | Paralysed by Grinder for 4 turns
  3182 | D:3      | Slain by Grinder

Levels and vault maps discovered:
D:1:      dpeg_arrival_shelter, layout_loops_ring
D:2:      layout_basic, serial_co_window_serial, co_window_paths_a,
          co_window_paths_b, co_window_corner_a, co_window_paths_a,
          co_window_corner_a, co_window_paths_b, co_window_of_opportunity_b,
          co_window_of_opportunity_c, co_window_of_opportunity_b,
          co_window_2corner, co_window_of_opportunity_c, glass_columns_c,
          glass_columns_a, minmay_misc_feat_rows
D:3:      layout_rooms, uniq_sigmund, uniq_grinder

Skill      XL: |  1  2  3  4  5 |
---------------+----------------+-----
Armour         | 1 2 3 |  3.4
Fighting       | 3 |  3.2
Staves         | 4 |  4.4
Dodging        | 3 |  3.0
Throwing       | |  1.7

Action                   |  1- 3 |  4- 6 || total
-------------------------+-------+-------++-------
Melee: Quarterstaff      |   108 |   174 ||   282
  Use: Potion            |       |     4 ||     4
 Stab: Sleeping          |     1 |       ||     1
  Eat: Chunk             |     1 |     7 ||     8
Armor: Leather armour    |    70 |    95 ||   165
Dodge: Dodged            |    75 |   140 ||   215

Table legend:
 A = Non-vault XP
 B = Vault XP
 C = Vault XP percentage of total XP
 D = Non-vault monster count
 E = Vault monster count
 F = Vault count percentage of total count
                 A         B        C        D         E       F
            +---------+---------+-------+---------+---------+-------
      Total |     318 |       0 |   0.0 |      85 |       0 |   0.0
            +---------+---------+-------+---------+---------+-------
        D:1 |      52 |       0 |   0.0 |      29 |       0 |   0.0
        D:2 |     139 |       0 |   0.0 |      33 |       0 |   0.0
        D:3 |     127 |       0 |   0.0 |      23 |       0 |   0.0
            +---------+---------+-------+---------+---------+-------
